 Dungeon Crawl Stone Soup version 0.27-a0-46-g34d46f0a3f (webtiles) character file.

Game seed: 1278831619857527425

157 Borgoz the Skirmisher (level 5, 0/46 HPs)
             Began as a Ghoul Monk on Jan 6, 2021.
             Slain by Grinder (5 damage)
             ... on level 3 of the Dungeon.
             The game lasted 00:03:13 (2665 turns).

Borgoz the Skirmisher (Ghoul Monk)                  Turns: 2665, Time: 00:03:14

Health: 0/46       AC:  6    Str: 16    XL:     5   Next: 38%
Magic:  4/4        EV: 11    Int:  5    God:
Gold:   165        SH:  0    Dex: 11    Spells: 4/4 levels left

rFire    . . .     SeeInvis .   a - +0 falchion
rCold    + . .     Faith    .   (no shield)
rNeg     + + +     Spirit   .   g - +0 scale mail
rPois    ∞         Reflect  .   b - +0 hat
rElec    .         Harm     .   (no cloak)
rCorr    .         Rampage  .   (no gloves)
Will     .....                  (no boots)
Stlth    ..........             (no amulet)
HPRegen  0.00/turn              (no ring)
MPRegen  0.09/turn              (no ring)

@: no status effects
A: claws 1, cold resistance 1, negative energy resistance 3, inhibited
regeneration, torment resistance, unbreathing
a: no special abilities


You were on level 3 of the Dungeon.
You visited 1 branch of the dungeon, and saw 3 of its levels.

You collected 165 gold pieces.

Inventory:

Hand Weapons
 a - a +0 falchion (weapon)
Missiles
 c - 10 poisoned darts (quivered)
Armour
 b - a +0 hat (worn)
 g - a +0 scale mail (worn)
Wands
 d - a wand of flame (9)


   Skills:
 + Level 4.1 Fighting
 * Level 3.9 Long Blades
 * Level 4.0 Dodging
 - Level 2.1 Stealth


You had 4 spell levels left.
You didn't know any spells.
Your spell library was empty.

Dungeon Overview and Level Annotations

Branches:
Dungeon (3/15)

Altars:

Annotations:
D:3 Grinder


Innate Abilities, Weirdness & Mutations

You thrive by killing the living.
You are immune to poison.
You have sharp fingernails.
Your flesh is cold resistant. (rC+)
You are immune to negative energy. (rN+++)
You do not regenerate when monsters are visible.
You are immune to unholy pain and torment.
You can survive without breathing.


Message History

Grinder hits you!
* * * LOW HITPOINT WARNING * * *
You closely miss Grinder.
Grinder is severely wounded.
Grinder zaps a wand.
You resist with some effort.
You aren't carrying any potions.
You aren't carrying any scrolls.
You barely miss Grinder.
Grinder is severely wounded.
Grinder hits you but does no damage.
You completely miss Grinder.
Grinder is severely wounded.
Grinder zaps a wand.
You resist with some effort.
You barely miss Grinder.
Grinder is severely wounded.
Grinder barely misses you.
You slash Grinder!
Grinder is severely wounded.
Grinder hits you.
You die...

##.....## #.......##.
#......... ........
#.....# ##.....##
#.......# #.5@....# #
#.......# ..##
##.....## ..
....####...###... ...
#......>)...... #.
#.#####..#.###.....
#.##...............#..
#..#..................
..................####


You could see Grinder.

Vanquished Creatures
  An orc wizard (D:2)
  Jessica (D:2)
  3 adders (D:2)
  A shadow imp (D:2)
  A worm (D:2)
  2 dart slugs (D:1)
  A leopard gecko (D:1)
  3 orcs
  8 bats (D:1)
  2 giant cockroaches
  8 goblins
  8 hobgoblins
  A quokka (D:2)
  5 frilled lizards
  5 kobolds
  5 rats
55 creatures vanquished.

Notes
Turn   | Place    | Note
-------+----------+-------------------------------------------
     0 | D:1      | Borgoz the Ghoul Monk began the quest for the Orb.
     0 | D:1      | Reached XP level 1. HP: 19/19 MP: 0/0
    68 | D:1      | Reached XP level 2. HP: 26/26 MP: 1/1
   371 | D:1      | Reached XP level 3. HP: 6/31 MP: 2/2
  1238 | D:2      | Reached XP level 4. HP: 16/40 MP: 3/3
  1549 | D:2      | Noticed Jessica
  1576 | D:2      | Killed Jessica
  2091 | D:2      | Reached XP level 5. HP: 46/46 MP: 4/4
  2613 | D:3      | Noticed Grinder
  2665 | D:3      | Slain by Grinder

Illustrated notes

Levels and vault maps discovered:
D:1:      minmay_arrival_checkered_box, layout_loops_ring, serial_glass,
          glass_columns_a, glass_columns_a, feat_on_display,
          due_unseen_surprise, minmay_strange_pillars
D:2:      layout_basic, uniq_jessica
D:3:      layout_rooms, uniq_grinder

Skill      XL: |  1  2  3  4  5 |
---------------+----------------+-----
Dodging        | 3 4 |  4.0
Long Blades    | 3 |  3.9
Fighting       | 4 |  4.1
Stealth        | |  2.1

Action                   |  1- 3 |  4- 6 || total
-------------------------+-------+-------++-------
Melee: Falchion          |   112 |   154 ||   266
Throw: Dart              |       |     3 ||     3
Evoke: Wand              |       |     4 ||     4
  Use: Potion            |     3 |     2 ||     5
       Scroll            |     1 |     3 ||     4
 Stab: Sleeping          |     4 |       ||     4
Armor: Robe              |    23 |       ||    23
       Ring mail         |       |    35 ||    35
       Scale mail        |       |    15 ||    15
Dodge: Dodged            |   111 |    87 ||   198
       Rpst.: Falchion   |    41 |    27 ||    68

Table legend: (Time is in decaauts)
 A = Elapsed time spent in this place.
 B = Non-inter-level travel time spent in this place.
 C = Inter-level travel time spent in this place.
 D = Time resting spent in this place.
 E = Time spent auto-exploring this place.
 F = Levels seen in this place.
 G = Mean time per level.
                   A        B        C        D        E       F      G
               +--------+--------+--------+--------+--------+-----+--------+
         Total |   2699 |   2632 |     67 |   1074 |   1008 |   3 |  899.7 |
       Dungeon |   2699 |   2632 |     67 |   1074 |   1008 |   3 |  899.7 |
               +--------+--------+--------+--------+--------+-----+--------+

Top non-repeatable levels by time:
     D:2: 1511 daAuts
     D:1: 972 daAuts
     D:3: 215 daAuts
